 Dungeon Crawl Stone Soup version 0.26-a0-639-g72c4674329 (webtiles) character file.

Game seed: 3975262798191954074

28212 PentaManta the Nimble (level 13, 0/88 HPs)
             Began as a Halfling Gladiator on Sept 20, 2020.
             Was an Elder of Fedhas.
             Killed by an exploding ballistomycete spore (19 damage)
             ... created by a ballistomycete
             ... summoned by the player character
             ... set off by themself
             ... on level 13 of the Dungeon.
             The game lasted 00:57:31 (20730 turns).

PentaManta the Nimble (Halfling Gladiator)         Turns: 20730, Time: 00:57:31

Health: 0/88       AC: 11    Str: 23    XL:     13   Next: 71%
Magic:  15/18      EV: 48    Int:  9    God:    Fedhas [****..]
Gold:   580        SH:  0    Dex: 21    Spells: 12/12 levels left

rFire    . . .     SeeInvis .   a - +0 rapier
rCold    . . .     Faith    .   g - +1 buckler
rNeg     . . .     Spirit   .   s - +1 ring mail of the Sun {Str+4 Int+3 Stlth-}
rPois    .         Reflect  .   A - +0 helmet of Card Tricks {+Fly}
rElec    .         Harm     .   (no cloak)
rCorr    .         Rampage  .   u - +0 pair of gloves
MR       +....                  (no boots)
Stlth    ..........             r - amulet of Giugom {Acrobat Dex+4}
HPRegen  0.24/turn              E - ring of protection from magic
MPRegen  0.16/turn              J - ring of Phasing {EV+8}

@: confused, acrobat
A: small, mutation resistance 1
a: Wall of Briars, Grow Ballistomycete, Overgrow, Renounce Religion, Evoke
Flight


You were on level 13 of the Dungeon.
You worshipped Fedhas.
Fedhas was greatly pleased with you.
You visited 2 branches of the dungeon, and saw 14 of its levels.
You also visited: Bailey.

You collected 874 gold pieces.
You spent 294 gold pieces at shops.

Inventory:

Hand Weapons
 a - a +0 rapier (weapon)
 p - a +1 vampiric dagger
 I - a +2 flail of venom
 K - a +3 short sword of speed
 P - a cursed +2 long sword
 R - a +4 dagger of holy wrath
Missiles
 d - 4 throwing nets (quivered)
 k - 81 poisoned darts
 q - 4 atropa-tipped darts
Armour
 f - a +2 robe of resistance
 g - a +1 buckler (worn)
 s - the +1 ring mail of the Sun (worn) {Str+4 Int+3 Stlth-}
   (You found it on level 5 of the Dungeon)

   It affects your strength (+4).
   It affects your intelligence (+3).
   It makes you less stealthy.
 u - a +0 pair of gloves (worn)
 y - a +0 plate armour
 A - the +0 helmet of Card Tricks (worn) {+Fly}
   (You bought it in a shop on level 7 of the Dungeon)

   It lets you fly.
 H - a +1 chain mail of magic resistance
 O - a +1 troll leather armour {Snorg}
Jewellery
 h - an uncursed amulet of the acrobat {unknown}
 r - the amulet of Giugom (around neck) {Acrobat Dex+4}
   (You found it on level 5 of the Dungeon)

   [amulet of the acrobat]

   It helps you evade while moving and waiting.
   It affects your dexterity (+4).
 E - a ring of protection from magic (left hand)
 G - an uncursed ring of ice
 J - the ring of Phasing (right hand) {EV+8}
   (You found it on level 10 of the Dungeon)

   [ring of evasion]

   It affects your evasion (+8).
 S - an uncursed ring of fire
Wands
 t - a wand of random effects (44)
 v - a wand of iceblast (13)
 x - a wand of flame (14)
 L - a wand of paralysis (11)
Scrolls
 e - 3 scrolls of enchant weapon
 j - 8 scrolls of teleportation
 o - 5 scrolls of remove curse
 w - a scroll of fear
 D - 2 scrolls of blinking
 F - 3 scrolls of identify
 Q - a scroll of fog
Potions
 b - 5 potions of magic
 c - 2 potions of flight
 i - 6 potions of mutation
 l - 2 potions of brilliance
 m - 2 potions of haste
 n - a potion of invisibility
 z - a potion of ambrosia
 B - 2 potions of lignification {unknown}
 C - 3 potions of stabbing
 M - 5 potions of curing
 N - 2 potions of heal wounds


   Skills:
 + Level 7.9 Fighting
 - Level 11.5 Short Blades
 - Level 2.0 Throwing
 + Level 12.2 Armour
 + Level 12.6 Dodging
 - Level 6.3 Shields
 + Level 7.3 Invocations


You had 12 spell levels left.
You didn't know any spells.
Your spell library contained the following spells:

 Spells                   Type           Power        Failure   Level
 Animate Skeleton         Necr           #.....       50%         1
 Beastly Appendage        Tmut           #.....       50%         1
 Magic Dart               Conj           #...         50%         1
 Pain                     Necr           #...         50%         1
 Wereblood                Tmut           #.......     65%         2
 Spider Form              Tmut/Pois      #.........   86%         3
 Vampiric Draining        Necr           #.........   86%         3
 Animate Dead             Necr           #.........   99%         4
 Ice Form                 Ice/Tmut       #.......     99%         4
 Agony                    Necr           #.......     100%        5
 Blade Hands              Tmut           #.........   100%        5


Dungeon Overview and Level Annotations

Branches:
Dungeon (13/15)            Temple (1/1) D:7            Lair (0/6) D:8
    Orc (0/2) D:10         Bailey (visited)
 Vaults: D:13-14

Altars:
Ashenzari
Cheibriados
Dithmenos
Elyvilon
Fedhas
Gozag
Hepliaklqana
Kikubaaqudgha
Makhleb
Nemelex Xobeh
Okawaru
Qazlal
Ru
Sif Muna
Trog
Uskayaw
Vehumet
Wu Jian
Xom
Yredelemnul
Zin
The Shining One
Beogh
Lugonu

Shops:
D:4 ?   D:7 [*:   D:8 *   D:10 [

Annotations:
D:7 3 runed translucent doors, Conn's ghost, novice OpWz


Innate Abilities, Weirdness & Mutations

You are small and have problems with some larger weapons.
You are somewhat resistant to further mutation.


Message History

You are confused.
* * * LOW HITPOINT WARNING * * *
A ballistomycete spore comes into view.
The vault guard barely misses your ballistomycete spore.
A ballistomycete spore comes into view.
You feel less confused.
Your ballistomycete spore explodes!
Fedhas protects your plant from harm.
The vault guard appears confused.
The explosion of spores engulfs the vault guard!!
The vault guard is severely wounded.
The vault guard hits your ballistomycete spore with a +0 long sword!
Your ballistomycete spore explodes!
The vault guard appears confused.
The explosion of spores engulfs the vault guard.
The vault guard is severely wounded.
The explosion of spores engulfs you!!
You are confused.
You die...
Fedhas appreciates your contribution to the ecosystem.

#............# ###
#...........## ##..
#...........# #...
#.p##......## ###...
#..#####...####(.###
#††# ######((###
#Pp### ###((###
##....####)((##
#...@.[...)###
#.........##
#..........##
#...........#
#...........##
#............#
#............#
#...........##
#...........##


You could see 2 vault guards and a friendly ballistomycete (summoned).

Vanquished Creatures
  Snorg (D:12)
  A centaur warrior (D:13)
  3 two-headed ogres
  An unseen horror (D:12)
  An orc knight (Bailey)
  5 ugly things
  A cyclops (D:13)
  Maurice (D:13)
  A gargoyle (D:12)
  A rime drake (shapeshifter) (D:13)
  2 tengu conjurers (D:13)
  2 trolls
  A meliai zombie (D:12)
  5 hippogriffs
  A shadow (D:11)
  2 wyverns
  6 yaks
  2 basilisks (D:8)
  A steam dragon (D:10)
  3 vampire mosquitoes (D:13)
  Menkaure (D:6)
  2 water moccasins
  3 porcupines (D:8)
  A black bear (D:8)
  4 ice beasts
  3 sky beasts
  3 ogres
  4 orc warriors
  2 phantoms
  3 crocodiles (D:8)
  13 centaurs
  2 big kobolds (D:8)
  4 bullfrogs
  A gnoll sergeant (D:4)
  4 scorpions
  22 killer bees
  19 wights
  6 howler monkeys
  2 centaur zombies
  6 hounds
  3 jellies
  4 centaur skeletons
  9 orc priests
  16 orc wizards
  3 bullfrog skeletons
  3 iguanas
  Natasha (thrice) (D:3)
  8 worker ants
  A killer bee zombie (D:5)
  2 hound zombies
  A hound skeleton (D:4)
  25 gnolls
  13 adders
  A shadow imp (D:6)
  3 white imps
  5 ufetubi
  3 adder skeletons
  3 worms
  A dart slug (D:1)
  4 leopard geckos
  50 orcs
  6 bats
  3 giant cockroaches
  11 goblins
  18 hobgoblins
  5 jackals
  25 kobolds
  2 quokkas
  A ball python (D:3)
  A ball python skeleton (D:5)
  4 frilled lizards
  2 leopard gecko skeletons
  A quokka skeleton (D:4)
  A quokka zombie (D:5)
  10 rats
397 creatures vanquished.

Vanquished Creatures (collateral kills)
  A centaur zombie (D:12)
  11 ballistomycete spores
12 creatures vanquished.

Vanquished Creatures (others)
  2 ballistomycete spores
  3 fungi (D:8)
  12 plants (D:8)
17 creatures vanquished.

Grand Total: 426 creatures vanquished

Notes
Turn   | Place    | Note
-------+----------+-------------------------------------------
     0 | D:1      | PentaManta the Halfling Gladiator began the quest for the
                  | Orb.
     0 | D:1      | Reached XP level 1. HP: 14/14 MP: 1/1
   169 | D:1      | Reached XP level 2. HP: 19/19 MP: 2/2
   501 | D:1      | Reached skill level 5 in Short Blades
   501 | D:1      | Reached XP level 3. HP: 5/24 MP: 3/3
  1332 | D:2      | Reached XP level 4. HP: 22/29 MP: 4/4
  2104 | D:2      | Found a hazy altar of Hepliaklqana.
  2104 | D:2      | Found a sparkling altar of Nemelex Xobeh.
  2344 | D:2      | You fall into a shaft and drop 1 floor!
  2411 | D:2      | Found a shimmering blue altar of Sif Muna.
  2411 | D:2      | Found an ancient bone altar of Kikubaaqudgha.
  2413 | D:2      | Found a radiant altar of Vehumet.
  2419 | D:2      | Identified Vehumet's Incunabulum of Battle Magic
  2733 | D:2      | Found an opulent altar of Gozag.
  3118 | D:3      | Noticed Natasha
  3130 | D:3      | Reached XP level 5. HP: 34/34 MP: 5/5
  3174 | D:3      | Killed Natasha
  3180 | D:3      | Noticed Natasha
  3672 | D:3      | Killed Natasha
  3696 | D:3      | Noticed Natasha
  3711 | D:3      | Killed Natasha
  4193 | D:4      | Reached XP level 6. HP: 39/39 MP: 6/6
  4232 | D:4      | Noticed an ogre
  4245 | D:4      | Killed an ogre
  4281 | D:4      | Found Qaukki's Magic Scroll Shoppe.
  4697 | D:4      | Reached XP level 7. HP: 43/44 MP: 7/7
  5808 | D:4      | Found an iron altar of Okawaru.
  5894 | D:5      | Entered Level 5 of the Dungeon
  6290 | D:4      | Reached XP level 8. HP: 15/49 MP: 8/8
  6702 | D:4      | Reached skill level 5 in Shields
  6901 | D:5      | Found a basalt altar of Yredelemnul.
  7328 | D:5      | Got a translucent tin amulet
  7377 | D:5      | Got a heavily runed ring mail
  7388 | D:5      | Identified the +1 ring mail of the Sun {Str+4 Int+3 Stlth-}
                  | (You found it on level 5 of the Dungeon)
  7570 | D:5      | Found a snail-covered altar of Cheibriados.
  7863 | D:6      | Found a stormy altar of Qazlal.
  7915 | D:6      | Reached skill level 10 in Short Blades
  7953 | D:6      | Noticed Menkaure
  7972 | D:6      | HP: 2/49 [shadow imp/nerve-wracking pain (7)]
  8285 | D:6      | Found a glowing golden altar of the Shining One.
  8863 | D:6      | Reached skill level 1 in Armour
  9029 | D:6      | Identified the amulet of Giugom {Acrobat Dex+4} (You found
                  | it on level 5 of the Dungeon)
  9142 | D:6      | Reached XP level 9. HP: 54/54 MP: 9/9
  9501 | D:6      | Killed Menkaure
  9656 | D:7      | Found Fuge's Book Emporium.
  9660 | D:7      | Noticed a hippogriff
  9678 | D:7      | Noticed a hippogriff
  9810 | D:7      | Killed a hippogriff
  9810 | D:7      | Reached skill level 5 in Dodging
 10008 | D:7      | Found a staircase to the Ecumenical Temple.
 10020 | Temple   | Entered the Ecumenical Temple
 10132 | D:7      | Killed a hippogriff
 10318 | D:7      | Found a blossoming altar of Fedhas.
 10394 | D:7      | Became a worshipper of Fedhas Madash
 10479 | D:7      | Found Enuy's Assorted Antiques.
 10492 | D:7      | Bought a murky white potion for 22 gold pieces
 10492 | D:7      | Bought a scroll labeled SUYJIATOIBEPN for 25 gold pieces
 10534 | D:7      | Found Assoedin's Antique Armour Boutique.
 10560 | D:7      | Bought a brightly glowing helmet for 247 gold pieces
 10570 | D:7      | Identified the +0 helmet of Card Tricks {+Fly} (You bought
                  | it in a shop on level 7 of the Dungeon)
 10652 | D:7      | Found a runed translucent gate.
 10652 | D:7      | Noticed Conn's ghost (novice OpWz)
 10653 | D:7      | Found a runed translucent gate.
 10654 | D:7      | Found a runed translucent gate.
 10660 | D:7      | Found a roughly hewn altar of Beogh.
 11256 | D:8      | Reached skill level 5 in Armour
 11301 | D:8      | Reached XP level 10. HP: 62/63 MP: 10/10
 11614 | D:8      | Found Muygg's General Store.
 11640 | D:8      | Reached * piety under Fedhas
 11801 | D:8      | Found a staircase to the Lair.
 12583 | D:8      | Found a sacrificial altar of Ru.
 13067 | D:8      | Reached ** piety under Fedhas
 13391 | D:9      | Found an ornate altar of the Wu Jian Council.
 13535 | D:9      | Reached XP level 11. HP: 48/70 MP: 11/11
 13644 | D:9      | Found a shattered altar of Ashenzari.
 14211 | D:9      | Reached skill level 1 in Invocations
 14268 | D:9      | Reached skill level 5 in Fighting
 14471 | D:9      | Found a burning altar of Makhleb.
 14541 | D:10     | Entered Level 10 of the Dungeon
 14970 | D:10     | Reached *** piety under Fedhas
 15693 | D:10     | Found the ring of Phasing {EV+8}
 15808 | D:10     | Found Vybberuo's Armour Emporium.
 16004 | D:10     | Noticed a two-headed ogre
 16051 | D:10     | Found a staircase to the Orcish Mines.
 16255 | D:10     | Killed a two-headed ogre
 16384 | D:11     | Found a flagged portal.
 16399 | D:11     | Reached **** piety under Fedhas
 16417 | Bailey   | Entered a bailey
 16508 | Bailey   | Noticed an orc knight
 16761 | Bailey   | Killed an orc knight
 17054 | D:11     | Reached skill level 10 in Armour
 17054 | D:11     | Reached XP level 12. HP: 79/79 MP: 15/15
 17658 | D:11     | Noticed a two-headed ogre
 17674 | D:11     | Killed a two-headed ogre
 18446 | D:12     | Noticed Snorg
 18460 | D:12     | Killed Snorg
 18460 | D:12     | Reached skill level 5 in Invocations
 18460 | D:12     | Reached XP level 13. HP: 84/84 MP: 12/16
 19644 | D:13     | Found a blossoming altar of Fedhas.
 19688 | D:13     | Noticed Maurice
 19719 | D:13     | Killed Maurice
 20295 | D:13     | Noticed a centaur warrior
 20321 | D:13     | Killed a centaur warrior
 20655 | D:13     | Noticed a vault guard
 20657 | D:13     | Noticed a vault guard
 20730 | D:13     | Killed by an exploding ballistomycete spore... set off by
                  | themself

Illustrated notes

Levels and vault maps discovered:
D:1:      dpeg_arrival_pits, layout_loops_ring
D:2:      layout_loops_ring, grunt_temple_overflow_magic_moments,
          gammafunk_temple_overflow_pools, grunt_gozag_breadcrumbs
D:3:      layout_basic, uniq_natasha
D:4:      layout_basic, okawaru_altar_gauntlet_db, serial_shops,
          kennysheep_mini, minmay_between
D:5:      layout_gridville, lemuel_coloured_pillars_altar,
          yredelemnul_altar_generic
D:6:      layout_loops_ring, overflow_temple_1_default, tso_altar, uniq_menkaure
D:7:      layout_loops_ring, fedhas_altar_fruit_tree, minmay_temple_entry_tees,
          biasface_ghost_orc_armoury, serial_shops, shop, shop,
          nicolae_shop_crystal, kb_lookout_dungeons_type
D:8:      layout_gridville, nicolae_ru_the_path_less_chosen,
          minmay_lair_entry_grove, serial_shops, nicolae_shop_behind_doors
D:9:      layout_basic, lemuel_crystal_altar, marbit_many_paths,
          lemuel_crystal_altar
D:10:     layout_roguey, orc_0_dummy, serial_shops, shop
D:11:     layout_basic, enter_bailey_7
D:12:     layout_gridville, minmay_misc_feat_iff, uniq_snorg
D:13:     layout_cave_pods, lightli_vaults_fourway_checkpoint,
          serial_column_ruins, column_ruins_hut, column_ruins_grid_3,
          column_ruins_open_tiny, column_ruins_grid_1, column_ruins_open_tiny,
          column_ruins_open_medium, column_ruins_open_tiny, pf_just_have_faith,
          uniq_maurice
Temple:   corrupted_temple

Skill      XL: |  1  2  3  4  5  6  7  8  9 10 11 12 13 |
---------------+----------------------------------------+-----
Short Blades   | 4 5 6 7 8 9 10 11 | 11.5
Shields        | 2 4 6 |  6.3
Fighting       | 2 3 4 6 7 |  7.9
Armour         | 1 5 7 10 11 12 | 12.2
Dodging        | 6 8 11 12 | 12.6
Invocations    | 4 5 7 |  7.3
Throwing       | |  2.0

Action                   |  1- 3 |  4- 6 |  7- 9 | 10-12 | 13-15 || total
-------------------------+-------+-------+-------+-------+-------++-------
Melee: Rapier            |    21 |     9 |   519 |   753 |   424 ||  1726
       Short sword       |    29 |       |       |   224 |    20 ||   273
       Dagger            |   124 |   326 |    47 |   277 |    80 ||   854
       Flail             |       |       |       |    11 |       ||    11
Throw: Throwing net      |     1 |       |       |     1 |       ||     2
       Dart              |       |       |     7 |       |       ||     7
Invok: Grow Ballistomyce |       |       |       |     3 |     1 ||     4
       Wall of Briars    |       |       |       |     1 |       ||     1
       Overgrow          |       |       |       |       |     1 ||     1
Evoke: Wand              |       |       |    11 |       |     5 ||    16
  Use: Scroll            |       |     8 |    10 |     6 |       ||    24
       Potion            |       |     4 |     1 |     4 |       ||     9
 Stab: Sleeping          |     1 |     1 |       |       |       ||     2
       Confused          |       |       |       |     4 |     6 ||    10
       Held in net/web   |       |       |       |     2 |       ||     2
Armor: Leather armour    |    26 |    48 |       |       |       ||    74
       Robe              |       |     3 |    31 |       |       ||    34
       Ring mail         |       |       |    50 |   103 |    32 ||   185
       Chain mail        |       |       |       |     2 |       ||     2
Dodge: Dodged            |   137 |   193 |   266 |   703 |   382 ||  1681
Block: Buckler           |       |    12 |   145 |   402 |   169 ||   728

Table legend: (Time is in decaauts)
 A = Elapsed time spent in this place.
 B = Non-inter-level travel time spent in this place.
 C = Inter-level travel time spent in this place.
 D = Time resting spent in this place.
 E = Time spent auto-exploring this place.
 F = Levels seen in this place.
 G = Mean time per level.
                   A        B        C        D        E       F      G
               +--------+--------+--------+--------+--------+-----+--------+
         Total |  19698 |  19220 |    478 |   5121 |   9588 |  15 | 1313.2 |
       Dungeon |  19196 |  18718 |    478 |   4993 |   9462 |  13 | 1476.6 |
        Temple |     43 |     43 |      0 |      0 |     29 |   1 |   43.0 |
        Bailey |    458 |    458 |      0 |    128 |     97 |   1 |  458.0 |
               +--------+--------+--------+--------+--------+-----+--------+

Top non-repeatable levels by time:
     D:8: 1960 daAuts
     D:5: 1873 daAuts
     D:3: 1820 daAuts
     D:4: 1767 daAuts
     D:6: 1620 daAuts
     D:9: 1541 daAuts
    D:11: 1376 daAuts
     D:2: 1353 daAuts
    D:10: 1291 daAuts
     D:1: 1263 daAuts
     D:7: 1176 daAuts
    D:12: 1109 daAuts
    D:13: 1040 daAuts
  Bailey: 458 daAuts
  Temple: 43 daAuts
